 Dungeon Crawl Stone Soup version 0.24-a0-458-gfcb5e6da0e (webtiles) character file.

Game seed: 10143050290259654138

34594 Kuinu the Fighter (level 13, 0/187 HPs)
             Began as a Green Draconian Berserker on June 26, 2019.
             Was an Elder of Trog.
             Slain by a harpy zombie (8 damage)
             ... on level 15 of the Dungeon.
             The game lasted 00:35:16 (13168 turns).

Kuinu the Fighter (Green Draconian Berserker)      Turns: 13168, Time: 00:35:17

Health: 0/187      AC: 17    Str: 29    XL:     13   Next: 43%
Magic:  1/1        EV: 20    Int: 10    God:    Trog [****..]
Gold:   1140       SH:  0    Dex: 14    Spells: 12/12 levels left

rFire    + + .     SeeInvis .   M - +5 great sword of a treasure trove {antimagic, rF++ MP-9 Str+3 Int+2}
rCold    . . .     Gourm    .   (shield currently unavailable)
rNeg     . . .     Faith    .   (armour unavailable)
rPois    +         Spirit   .   (helmet restricted)
rElec    .         Reflect  .   r - +2 cloak
rCorr    .         Harm     .   p - +2 pair of gloves
MR       ++++.                  F - +2 pair of boots
Stlth    ..........             u - amulet of the acrobat
HPRegen  1.41/turn              L - ring of protection from magic
MPRegen  0.07/turn              Z - ring of protection from magic

@: berserking (expiring), regenerating, very quick
A: breathe noxious fumes, unfitting armour, poison resistance, cold-blooded, AC
+8
a: Breathe Noxious Fumes, Berserk, Trog's Hand, Brothers in Arms, Renounce
Religion


You were on level 15 of the Dungeon.
You worshipped Trog.
Trog was greatly pleased with you.
You were very hungry.

You visited 1 branch of the dungeon, and saw 15 of its levels.
You also visited: Ossuary.

You collected 1140 gold pieces.

Inventory:

Hand Weapons
 a - a +0 falchion
 n - a +2 scimitar of flaming
 o - a +0 long sword
 M - the +5 great sword of a treasure trove (weapon) {antimagic, rF++ MP-9 Str+3 Int+2}
   (Trog gifted it to you on level 8 of the Dungeon)

   It reduces the magical energy of the wielder, and disrupts the spells and
   magical abilities of those hit.
   Natural abilities and divine invocations are not affected.
   It affects your strength (+3).
   It affects your intelligence (+2).
   It greatly protects you from fire.
   It affects your magic capacity (-9).
 P - a cursed +4 great sword
 T - a +2 antimagic battleaxe
 X - a +7 longbow of velocity
 Y - a +1 vampiric falchion
Armour
 p - a +2 pair of gloves (worn)
 r - a +2 cloak (worn)
 F - a +2 pair of boots (worn)
 N - a +2 pair of gloves
 R - a +0 cloak
Jewellery
 t - an uncursed ring of flight
 u - an amulet of the acrobat (around neck)
 C - an uncursed amulet of faith
 I - an uncursed ring of resist corrosion
 L - a ring of protection from magic (left hand)
 Z - a ring of protection from magic (right hand)
Wands
 v - a wand of random effects (42)
 A - a wand of digging (9)
 D - a wand of scattershot (5)
 J - a wand of paralysis (29)
 O - a wand of iceblast (4)
 Q - a wand of polymorph (10)
 V - a wand of acid (5)
Scrolls
 c - 5 scrolls of amnesia
 d - 3 scrolls of enchant weapon
 e - 6 scrolls of remove curse
 f - 5 scrolls of teleportation
 g - 3 scrolls of identify
 l - 2 scrolls of immolation
 m - 5 scrolls of noise
 s - a scroll of fog
 x - 2 scrolls of blinking
 y - 7 scrolls of enchant armour
 W - a scroll of magic mapping {unknown}
Potions
 h - 4 potions of agility
 j - 4 potions of curing
 k - 4 potions of mutation
 q - 2 potions of resistance
 w - 2 potions of magic
 z - 4 potions of haste
 B - 10 potions of degeneration
 E - 3 potions of brilliance
 G - a potion of ambrosia
 K - 3 potions of lignification {unknown}
 S - a potion of might
Comestibles
 b - 27 rations
 i - 4 chunks of flesh


   Skills:
 * Level 14.5 Fighting
 * Level 13.4 Long Blades
 * Level 12.5 Dodging


You had 12 spell levels left.
You didn't know any spells.
Your spell library was empty.

Dungeon Overview and Level Annotations

Branches:
Dungeon (15/15)            Temple (0/1) D:7            Lair (0/6) D:11
    Orc (0/2) D:12         Vaults (0/5) D:13
 Depths: D:15

Altars:
Qazlal
Uskayaw
Wu Jian

Shops:
D:9 *[   D:13 *

Annotations:
D:12 4 runed translucent doors


Innate Abilities, Weirdness & Mutations

You can breathe blasts of noxious fumes.
Your lurid green scales are hard. (AC +8)
You cannot fit into any form of body armour.
Your system is resistant to poisons. (rPois)
You are cold-blooded and may be slowed by cold attacks.


Message History

You destroy the vampire mosquito!
Trog accepts your kill.
The vampire mosquito completely misses you.
You miss the vampire mosquito. You tail-slap the vampire mosquito.
You destroy the vampire mosquito!
Trog accepts your kill. The harpy zombie claws you.
* * * LOW HITPOINT WARNING * * *
The harpy zombie closely misses you. x2; You riposte.
You slice the harpy zombie!!
The harpy zombie is moderately damaged.
The harpy zombie barely misses you.
You barely miss the harpy zombie.
The harpy zombie is moderately damaged.
The harpy zombie claws you but does no damage.
The harpy zombie barely misses you.
You slice the harpy zombie!!
The harpy zombie is severely damaged.
The harpy zombie claws you!
You die...

....#...... ......
#......... .#.....
###........ .......
..........#
#.....####.....#.##
.#.................#
..........#(##<).#.###.
.#.....#)...(..........
..?....Z@......รท......#
#......####..#........#
....... #.#.#........
##.#..# ..............
...... ###.##.....###.
.###.. #.##....<# #.
..##....## #. .####....#


You could see a harpy zombie.

Vanquished Creatures
  Jorgrun (D:15)
  2 vault guards (D:13)
  Josephine (D:15)
  Erolcha (D:10)
  2 hydras
  4 two-headed ogres
  A death knight (D:15)
  A skeletal warrior (D:15)
  2 unseen horrors (D:14)
  A wolf spider zombie (D:13)
  A wizard (D:13)
  Pikel (D:7)
  2 deep elf magi (D:14)
  4 cyclopes
  A manticore (D:13)
  2 centaur zombies
  3 gargoyles
  A kobold demonologist (D:13)
  A freezing wraith (D:15)
  6 trolls
  4 hippogriffs
  A meliai zombie (D:13)
  2 wyverns
  7 wraiths
  15 yaks
  A basilisk (D:13)
  A hungry ghost (D:10)
  A steam dragon (D:11)
  3 vampire mosquitoes (D:15)
  3 wargs (D:11)
  2 soldier ants
  A water moccasin (D:11)
  A swamp drake (D:12)
  13 ice beasts
  4 sky beasts
  A black bear (D:10)
  7 orc warriors
  An eye of draining (D:9)
  A necrophage (D:10)
  4 ogres
  4 phantoms
  A wolf (D:8)
  3 centaurs
  3 big kobolds
  9 bullfrogs
  A scorpion (D:12)
  A water moccasin skeleton (D:8)
  11 killer bees
  4 wights
  10 howler monkeys
  5 jellies
  9 crimson imps
  3 bullfrog zombies
  7 centaur skeletons
  7 hounds
  11 orc priests
  A quasit (D:9)
  Crazy Yiuf (D:2)
  16 orc wizards
  A bullfrog skeleton (D:10)
  5 iguanas
  Jessica (D:3)
  5 worker ants
  Natasha (thrice) (D:2)
  3 big kobold zombies (Ossuary)
  A hound zombie (D:9)
  2 hound skeletons
  2 mummies (Ossuary)
  2 worker ant zombies (D:11)
  Robin (D:4)
  4 gnolls (D:7)
  13 adders
  2 howler monkey skeletons
  A hound simulacrum (D:8)
  3 shadow imps
  2 white imps (D:8)
  2 ufetubi (D:8)
  4 adder zombies
  An adder skeleton (D:8)
  A worm (D:2)
  2 dart slugs (D:1)
  5 leopard geckos
  59 orcs
  4 giant cockroaches
  11 hobgoblins
  14 jackals
  21 kobolds
  8 quokkas
  2 ball pythons
  9 bats
  3 frilled lizards
  4 gnoll zombies (Ossuary)
  19 goblins
  4 hobgoblin zombies (Ossuary)
  8 kobold zombies (Ossuary)
  6 orc zombies (Ossuary)
  A quokka skeleton (D:4)
  3 quokka zombies (D:4)
  11 rats
471 creatures vanquished.

Vanquished Creatures (collateral kills)
  A catoblepas (D:13)
  3 yaks (D:13)
4 creatures vanquished.

Vanquished Creatures (others)
  2 vault guards (D:13)
  An orc (D:7)
  4 plants (D:15)
7 creatures vanquished.

Grand Total: 482 creatures vanquished

Notes
Turn   | Place    | Note
-------+----------+-------------------------------------------
     0 | D:1      | Kuinu the Draconian Berserker began the quest for the Orb.
     0 | D:1      | Reached XP level 1. HP: 19/19 MP: 1/1
    89 | D:1      | Reached XP level 2. HP: 19/26 MP: 2/2
   408 | D:1      | Reached XP level 3. HP: 33/33 MP: 3/3
   424 | D:1      | Reached ** piety under Trog
   912 | D:2      | Reached skill level 4 in Fighting
  1075 | D:2      | Reached XP level 4. HP: 38/40 MP: 4/4
  1279 | D:2      | Found a runed translucent door.
  1280 | D:2      | Noticed Crazy Yiuf
  1548 | D:2      | Noticed Natasha
  1551 | D:2      | Killed Natasha
  1679 | D:2      | Noticed Natasha
  1687 | D:2      | Killed Natasha
  1687 | D:2      | Reached XP level 5. HP: 29/47 MP: 5/5
  1733 | D:2      | Noticed Natasha
  1742 | D:2      | Killed Natasha
  1942 | D:2      | Killed Crazy Yiuf
  2028 | D:3      | Reached skill level 5 in Fighting
  2118 | D:3      | Reached XP level 6. HP: 56/56 MP: 6/6
  2207 | D:3      | Reached *** piety under Trog
  2414 | D:3      | Noticed Jessica
  2423 | D:3      | Killed Jessica
  2582 | D:3      | You fall into a shaft and drop 2 floors!
  2582 | D:5      | Entered Level 5 of the Dungeon
  2600 | D:4      | Reached skill level 5 in Long Blades
  2613 | D:4      | Your scales start taking on a lurid green colour.
  2613 | D:4      | Reached XP level 7. HP: 62/62 MP: 7/7
  2613 | D:4      | Gained mutation: Your system is resistant to poisons.
                  | (rPois) [Green Draconian growth]
  2624 | D:4      | Reached skill level 6 in Fighting
  2627 | D:4      | Reached skill level 5 in Dodging
  2741 | D:4      | Found a stormy altar of Qazlal.
  3424 | D:4      | Noticed Robin
  3426 | D:4      | Reached **** piety under Trog
  3446 | D:4      | Killed Robin
  3834 | D:5      | Received a gift from Trog
  4026 | D:5      | Reached XP level 8. HP: 62/71 MP: 8/8
  4886 | D:6      | Found a sand-covered staircase.
  4890 | Ossuary  | Entered an ossuary
  4924 | Ossuary  | Reached skill level 7 in Fighting
  4965 | Ossuary  | Reached ***** piety under Trog
  5662 | D:7      | Noticed Pikel
  5679 | D:7      | Killed Pikel
  5679 | D:7      | Reached skill level 8 in Fighting
  5679 | D:7      | Reached XP level 9. HP: 25/81 MP: 9/9
  6065 | D:7      | Found a staircase to the Ecumenical Temple.
  6147 | D:7      | Found a hide-covered altar of Uskayaw.
  6875 | D:8      | Reached skill level 9 in Fighting
  6972 | D:8      | Received a gift from Trog
  6989 | D:8      | Got a jewelled great sword {god gift}
  6990 | D:8      | Identified the +5 great sword of a treasure trove
                  | {antimagic, rF++ MP-9 Str+3 Int+2} (Trog gifted it to you
                  | on level 8 of the Dungeon)
  7169 | D:8      | Reached XP level 10. HP: 68/92 MP: 0/10
  7183 | D:8      | Found an ornate altar of the Wu Jian Council.
  7743 | D:9      | Reached skill level 10 in Fighting
  7786 | D:9      | Found Zanom's Mayhem Merchandise.
  7826 | D:9      | Found Zosuce's Armour Shop.
  8060 | D:10     | Entered Level 10 of the Dungeon
  8072 | D:10     | Received a gift from Trog
  8319 | D:10     | Noticed a two-headed ogre
  8324 | D:10     | Killed a two-headed ogre
  8324 | D:10     | Reached skill level 10 in Long Blades
  8353 | D:10     | Reached skill level 11 in Fighting
  8467 | D:10     | Noticed Erolcha
  8479 | D:10     | Killed Erolcha
  8479 | D:10     | Reached XP level 11. HP: 95/100 MP: 0/11
  9161 | D:11     | Found a staircase to the Lair.
  9169 | D:11     | Received a gift from Trog
  9247 | D:11     | Reached skill level 10 in Dodging
  9479 | D:11     | Noticed a two-headed ogre
  9485 | D:11     | Killed a two-headed ogre
  9555 | D:12     | Found a large runed translucent door.
  9555 | D:12     | Found a large runed translucent door.
  9559 | D:12     | Noticed a centaur warrior
  9566 | D:12     | Found a large runed translucent door.
  9566 | D:12     | Found a large runed translucent door.
  9616 | D:12     | Reached skill level 12 in Fighting
 10101 | D:12     | Received a gift from Trog
 10150 | D:12     | Found a staircase to the Orcish Mines.
 10267 | D:12     | Reached XP level 12. HP: 79/111 MP: 1/12
 10627 | D:13     | Found Inweures's General Store.
 10702 | D:13     | Found a gate to the Vaults.
 10702 | D:13     | Noticed a vault guard
 10702 | D:13     | Noticed a vault guard
 10702 | D:13     | Noticed a vault guard
 10702 | D:13     | Noticed a six-headed hydra
 10702 | D:13     | Noticed a vault guard
 10702 | D:13     | Noticed a catoblepas
 10712 | D:13     | Killed a vault guard
 11198 | D:13     | Killed a vault guard
 11293 | D:13     | Reached skill level 13 in Fighting
 11321 | D:13     | Killed a three-headed hydra
 11327 | D:13     | Killed a vault guard
 11345 | D:13     | Killed a catoblepas
 11983 | D:13     | Killed a vault guard
 12456 | D:14     | Noticed a two-headed ogre
 12463 | D:14     | Killed a two-headed ogre
 12647 | D:14     | Noticed a two-headed ogre
 12655 | D:14     | Killed a two-headed ogre
 12802 | D:14     | Noticed a five-headed hydra
 12813 | D:14     | Killed a one-headed hydra
 12813 | D:14     | Reached XP level 13. HP: 106/121 MP: 2/13
 12846 | D:14     | Reached skill level 14 in Fighting
 13057 | D:15     | Entered Level 15 of the Dungeon
 13057 | D:15     | Noticed Josephine
 13066 | D:15     | Noticed Jorgrun
 13071 | D:15     | Killed Josephine
 13077 | D:15     | Killed Jorgrun
 13160 | D:15     | HP: 8/187 [cyclops (14)]
 13166 | D:15     | HP: 6/187 [harpy zombie (4)]
 13168 | D:15     | Slain by a harpy zombie

Levels and vault maps discovered:
D:1:      denvon_arrival_planthouse, layout_basic, minmay_tromino_v4_b
D:2:      layout_basic, kennysheep_big_empty_room, st_stairs_12,
          kennysheep_generic_room_16, uniq_natasha, uniq_crazy_yiuf_cottage
D:3:      layout_basic, first_ration, uniq_jessica
D:4:      layout_basic, serial_undead, serial_undead_b, serial_undead_b,
          serial_undead_d, serial_undead_b, grunt_qazlal_clouds, uniq_robin
D:5:      layout_basic
D:6:      layout_loops_corners, enter_ossuary_5
D:7:      layout_cave_pods, minmay_temple_entry_mist, basic_altar, uniq_pikel
D:8:      layout_basic, kennysheep_mini_moat, serial_ice, serial_ice_j,
          serial_ice_e, serial_ice_b, serial_ice_a, serial_ice_g, serial_ice_m,
          serial_ice_o, serial_ice_n
D:9:      layout_roguey, serial_shops, nicolae_shop_behind_doors,
          grunt_ogre_cave, abandoned_shop, minmay_shop_mayhem, minivault_22
D:10:     layout_basic, uniq_erolcha
D:11:     layout_gridville, erik_lair_orcish_takeover
D:12:     layout_long_grid, erik_orc_1, minmay_hollow_rounded_squares
D:13:     lemuel_ice_spiral_1, layout_gridville,
          lightli_vaults_fourway_checkpoint, serial_shops, shop
D:14:     layout_roguey, hangedman_decor_clover_reticule, billiards_dpeg
D:15:     hangedman_depths_entry_civil_slaughter, layout_rooms,
          serial_bayou_lake_a, uniq_rupert, uniq_jorgrun, uniq_kirke,
          uniq_josephine

Skill      XL: |  1  2  3  4  5  6  7  8  9 10 11 12 13 |
---------------+----------------------------------------+-----
Dodging        | 3 4 5 6 8 9 10 12 | 12.5
Fighting       | 4 5 6 8 9 11 12 13 14 | 14.5
Long Blades    | 4 5 6 7 8 10 11 12 13 | 13.4

Action                   |  1- 3 |  4- 6 |  7- 9 | 10-12 | 13-15 || total
-------------------------+-------+-------+-------+-------+-------++-------
Melee: Falchion          |   116 |       |       |       |       ||   116
       Tailslap          |    14 |    25 |   113 |   128 |    16 ||   296
       Long sword        |     6 |   133 |   471 |       |       ||   610
       Great sword       |       |       |    24 |   497 |    64 ||   585
       Scimitar          |       |       |       |    32 |       ||    32
Invok: Berserk           |       |     5 |     4 |     6 |     2 ||    17
       Trog's Hand       |       |     3 |     4 |     8 |     2 ||    17
       Brothers in Arms  |       |       |       |     1 |       ||     1
 Abil: Breathe Noxious F |       |       |       |     1 |       ||     1
  Use: Scroll            |       |       |     7 |    25 |       ||    32
       Potion            |       |       |     6 |       |     4 ||    10
 Stab: Sleeping          |     1 |       |       |     2 |     1 ||     4
       Confused          |       |       |       |     2 |       ||     2
  Eat: Chunk             |     1 |     9 |    19 |    26 |     3 ||    58
       Ration            |       |       |     1 |     1 |       ||     2
Armor: Skin              |    49 |    68 |   219 |   225 |    26 ||   587
Dodge: Dodged            |   108 |   116 |   433 |   634 |    99 ||  1390
       Rpst.: Falchion   |    23 |       |       |       |       ||    23
       Long sword        |     1 |    34 |   128 |       |       ||   163
       Great sword       |       |       |     9 |   164 |    26 ||   199
       Scimitar          |       |       |       |     3 |       ||     3

Table legend:
 A = Non-vault XP
 B = Vault XP
 C = Vault XP percentage of total XP
 D = Non-vault monster count
 E = Vault monster count
 F = Vault count percentage of total count
                 A         B        C        D         E       F
            +---------+---------+-------+---------+---------+-------
      Total |   29168 |   20253 |  41.0 |     340 |     136 |  28.6
            +---------+---------+-------+---------+---------+-------
        D:1 |      46 |       2 |   4.2 |      26 |       1 |   3.7
        D:2 |     146 |      91 |  38.4 |      26 |       6 |  18.8
        D:3 |     255 |      37 |  12.7 |      33 |       1 |   2.9
        D:4 |     415 |     155 |  27.2 |      20 |      21 |  51.2
        D:5 |     280 |       0 |   0.0 |      12 |       0 |   0.0
        D:6 |     393 |       0 |   0.0 |      22 |       0 |   0.0
        D:7 |    1216 |     559 |  31.5 |      25 |       1 |   3.8
        D:8 |    1209 |     720 |  37.3 |      16 |       9 |  36.0
        D:9 |    1094 |     121 |  10.0 |      21 |       1 |   4.5
       D:10 |    3648 |    1010 |  21.7 |      29 |       1 |   3.3
       D:11 |    3569 |     626 |  14.9 |      37 |       8 |  17.8
       D:12 |    2934 |    3258 |  52.6 |      20 |      30 |  60.0
       D:13 |    5491 |    6505 |  54.2 |      31 |      19 |  38.0
       D:14 |    3511 |    2180 |  38.3 |       8 |       3 |  27.3
       D:15 |    4961 |    4838 |  49.4 |      14 |       5 |  26.3
    Ossuary |       0 |     151 | 100.0 |       0 |      30 | 100.0
            +---------+---------+-------+---------+---------+-------
